 Dungeon Crawl Stone Soup version 0.32-a0-643-ga006e7742e (console) character file.

Game seed: 16236630702707662713

57 jejorda2 the Poker (level 4, -5/55 HPs)
             Began as a Coglin Berserker on Mar 7, 2024.
             Was a Follower of Trog.
             Slain by a gnoll
             ... wielding a +0 halberd
              (17 damage)
             ... on level 2 of the Dungeon.
             The game lasted 00:01:52 (1112 turns).

jejorda2 the Poker (Coglin Berserker)               Turns: 1112, Time: 00:01:53

Health: -5/55      AC:  3    Str: 19    XL:     4   Next: 0%
Magic:  4/4        EV: 11    Int:  7    God:    Trog [*.....]
Gold:   78         SH:  0    Dex: 13    Spells: 3/3 levels left

rFire   . . .        a - +0 trident {Kun}
rCold   . . .        b - +0 spear {Ran}
rNeg    . . .        d - +0 leather armour
rPois   .            (no helmet)
rElec   .            (no cloak)
rCorr   .            (no gloves)
SInv    .            (no boots)
Will    .....        (amulet unavailable) Stlth
                     (ring unavailable)
HPRegen 0.29/turn    (ring unavailable)
MPRegen 0.09/turn    (no gizmo)

%: no passive effects
@: berserking, revved, very quick
A: off-hand wielding, slow wielding, warmup strikes, no jewellery
a: Invent Gizmo, Renounce Religion, Berserk


You were on level 2 of the Dungeon.
You worshipped Trog.
Trog was aware of your devotion.
You visited 1 branch of the dungeon, and saw 2 of its levels.

You collected 127 gold pieces.
You spent 49 gold pieces at shops.

Inventory:

Hand Weapons
 a - a +0 trident (weapon) {Kun}
 b - a +0 spear (offhand) {Ran}
Armour
 d - a +0 leather armour (worn)
Scrolls
 e - a scroll of noise {unknown}
 f - 2 scrolls of identify {unknown}
Potions
 c - a potion of haste {unknown}


   Skills:
 + Level 3.6 Fighting
 * Level 3.8 Polearms
 - Level 1.7 Armour
 - Level 1.7 Dodging


You had 3 spell levels left.
You didn't know any spells.
Your spell library was empty.

Dungeon Overview and Level Annotations

Branches:
Dungeon (2/15)

Altars:
Makhleb

Shops:
D:2 (

Annotations:
D:2 1 runed translucent door, Crazy Yiuf


Innate Abilities, Weirdness & Mutations

You can wield a second weapon in your off-hand.
It takes a long time for you to wield or remove held weapons.
Your first few attacks do less damage.
You cannot equip rings or amulets.


Message History

You reach to attack!
You hit the gnoll but do no damage. x2
You completely miss the gnoll with your +0 spear.
You barely miss the gnoll with your +0 trident.
A gnoll comes into view. It is wielding a +0 halberd.
The gnoll barely misses you.
You barely miss the gnoll with your +0 spear.
The gnoll shouts!
You puncture the gnoll with your +0 trident!
You closely miss the gnoll with your +0 spear.
The gnoll is severely wounded.
You hit the gnoll but do no damage.
The gnoll hits you from afar with a +0 halberd.
The gnoll hits you with a +0 club.
You hit the gnoll with your +0 trident.
The gnoll is almost dead.
You barely miss the gnoll with your +0 spear.
The gnoll hits you from afar with a +0 halberd.
The gnoll hits you with a +0 club!
* * * LOW HITPOINT WARNING * * *
You are too injured to fight recklessly!
You are too injured to fight recklessly!
You are too injured to fight recklessly!
A red film seems to cover your vision as you go berserk!
You feel yourself moving faster!
You feel mighty! The gnoll closely misses you.
A gnoll comes into view. It is wielding a +0 spear.
The gnoll misses you.
The gnoll shouts!
You puncture the gnoll with your +0 trident!
You kill the gnoll!
Trog accepts your kill.
You have reached level 4!
You feel clever.
Reach: a) +0 trident {Kun}
Press: ? - help, Dir - move target, f - gnoll
Aim: a gnoll, wielding a +0 halberd (about 39% to evade your +0 trident)
You reach to attack!
You closely miss the gnoll with your +0 trident.
You puncture the gnoll with your +0 spear!
The gnoll hits you from afar with a +0 halberd!
You die...

#.####..###....................
#>.....................#.######
######.^.............#.#.#
#........###.#####.#.#
#..#.###.# #.#####.#.# #..#.#
#.# #.......#.# #..#.# #.#
#########.# ####..#.###.####
#.# #............@)# #.#
#.##.######.##.# ####.##.# #.#
g# ...†.##.# #.# .g #######.#
#.# ### #.. ..# ### ###


You could see 2 gnolls.

Vanquished Creatures
  A gnoll (D:2)
  An adder (D:2)
  A dart slug (D:1)
  2 ribbon worms (D:2)
  A ball python (D:1)
  5 endoplasms
  2 giant cockroaches
  2 goblins (D:2)
  2 hobgoblins (D:1)
  6 jackals
  2 quokkas
  2 bats (D:1)
  A frilled lizard (D:2)
  A rat (D:1)
29 creatures vanquished.

Notes
Turn   | Place    | Note
-------+----------+-------------------------------------------
     0 | D:1      | jejorda2 the Coglin Berserker began the quest for the Orb.
     0 | D:1      | Reached XP level 1. HP: 18/18 MP: 1/1
    98 | D:1      | Reached XP level 2. HP: 22/24 MP: 2/2
   631 | D:2      | Reached XP level 3. HP: 23/29 MP: 3/3
   685 | D:2      | Found Toacw's Weapon Emporium.
   688 | D:2      | Bought a +0 trident for 49 gold pieces
   960 | D:2      | Found a burning altar of Makhleb.
  1014 | D:2      | Reached ** piety under Trog
  1044 | D:2      | Found a runed translucent door.
  1045 | D:2      | Noticed Crazy Yiuf
  1112 | D:2      | Reached XP level 4. HP: 12/37 MP: 4/4
  1112 | D:2      | Slain by a gnoll

Illustrated notes

Levels and vault maps discovered:
D:1:      giann_forest_graveyard, layout_basic, chequers_serial_rivers_large_a
D:2:      layout_loops_ring, basic_altar, serial_shops,
          nicolae_shop_behind_doors, uniq_crazy_yiuf_cottage

Skill      XL: |  1 |
---------------+----+-----
Polearms       | 3 |  3.8
Fighting       | |  3.6
Armour         | |  1.7
Dodging        | |  1.7

Action                     |  1- 3 |  4- 6 || total
---------------------------+-------+-------++-------
  Melee: Spear             |    62 |     1 ||    63
         Dagger            |    34 |       ||    34
         Trident           |    23 |     1 ||    24
 Invoke: Berserk           |     1 |       ||     1
   Stab: Sleeping          |     3 |       ||     3
 Armour: Animal skin       |     6 |       ||     6
         Leather armour    |    14 |     1 ||    15
  Dodge: Dodged            |    23 |       ||    23

Table legend: (Time is in decaauts)
 A = Elapsed time spent in this place.
 B = Non-inter-level travel time spent in this place.
 C = Inter-level travel time spent in this place.
 D = Time resting spent in this place.
 E = Time spent auto-exploring this place.
 F = Levels seen in this place.
 G = Mean time per level.
                   A        B        C        D        E       F      G
               +--------+--------+--------+--------+--------+-----+--------+
         Total |   1116 |   1090 |     26 |      0 |    912 |   2 |  558.0 |
       Dungeon |   1116 |   1090 |     26 |      0 |    912 |   2 |  558.0 |
               +--------+--------+--------+--------+--------+-----+--------+

Top non-repeatable levels by time:
     D:1: 577 daAuts
     D:2: 539 daAuts
